 Dungeon Crawl Stone Soup version 0.29.0-4-gdea44cf6ec (webtiles) character file.

Game seed: 3064220205254753569

148 qw the Chopper (level 5, -7/30 HPs)
             Began as a Tengu Warper on Aug 28, 2022.
             Killed from afar by an orc wizard (11 damage)
             ... with a puff of flame
             ... on level 2 of the Dungeon.
             The game lasted 00:00:08 (1670 turns).

qw the Chopper (Tengu Warper)                       Turns: 1670, Time: 00:00:09

Health: -7/30      AC:  5    Str: 13    XL:     5   Next: 30%
Magic:  9/9        EV: 13    Int: 14    God:
Gold:   45         SH:  0    Dex: 13    Spells: 8/8 levels left

rFire   . . .      SeeInvis .   Y - +0 hand axe
rCold   . . .      Faith    .   (no shield)
rNeg    . . .      Spirit   .   i - +0 ring mail
rPois   .          Reflect  .   (helmet restricted)
rElec   .          Harm     .   (no cloak)
rCorr   .          Rampage  .   (no gloves)
Will    .....                   (boots unavailable)
Stlth   ..........              (no amulet)
HPRegen 0.10/turn               (no ring)
MPRegen 0.11/turn               (no ring)

@: confused, flying quickly and evasively, quick
A: beak, talons 3, nimble flight
a: no special abilities


You were on level 2 of the Dungeon.
You visited 1 branch of the dungeon, and saw 4 of its levels.

You collected 45 gold pieces.


Innate Abilities, Weirdness & Mutations

You have a beak for a mouth.
You have claws for feet.
Your magical nature lets you fly swiftly and evasively.


   Skills:
 - Level 2.0 Fighting
 + Level 5.9 Axes
 - Level 1.0 Throwing
 - Level 1.1 Armour
 - Level 2.1 Dodging
 - Level 2.0 Spellcasting
 - Level 2.4 Translocations


You had 8 spell levels left.
You didn't know any spells.
Your spell library contained the following spells:

 Spells                   Type           Power      Damage    Failure   Level
 Blink                    Tloc           16%        N/A       28%         2
 Gell's Gravitas          Tloc           8%         N/A       50%         3
 Lesser Beckoning         Tloc           8%         N/A       50%         3
 Teleport Other           Tloc           8%         N/A       50%         3
 Manifold Assault         Tloc           8%         N/A       99%         5

Inventory:

Hand Weapons
 h - a +0 whip
 Y - a +0 hand axe (weapon)
Armour
 i - a +0 ring mail (worn)
Jewellery
 a - a ring of fire
Scrolls
 b - a scroll of identify
Potions
 c - a potion of curing {unknown}
 d - a potion of ambrosia {unknown}
 j - 2 potions of mutation {unknown}

Dungeon Overview and Level Annotations

Branches:
Dungeon (4/15)
 Temple: D:4-7

Altars:

Shops:
D:1 *


Message History

You closely miss the adder. The adder bites you but does no damage.
You hit the adder.
The adder is heavily wounded.
The adder bites you but does no damage. The adder closely misses you.
You hit the adder. Your kick misses the adder.
The adder is severely wounded.
The adder bites you.
You are poisoned.
The adder poisons you!
You closely miss the adder.
The adder is severely wounded.
You feel sick. The adder bites you but does no damage. The adder bites you.
You closely miss the adder.
The adder is severely wounded.
You feel sick. The adder bites you but does no damage.
You hit the adder. Your kick misses the adder.
The adder is almost dead.
You feel sick. The adder bites you.
You hit the adder. Your kick misses the adder.
You peck the adder, but do no damage.
The adder is almost dead.
You feel sick.
You are no longer poisoned.
The adder barely misses you.
You hit the adder.
You kill the adder!
You barely miss something. Your kick misses something.
You hear some strange, mumbled words.
You are confused.
You're too confused to attack without stumbling around!
You start resting.
Something hits you but does no damage.
You're too confused to attack without stumbling around!
You start resting.
Something hits you but does no damage.
You hear some strange, mumbled words.
A puff of flame appears from out of thin air!
The puff of flame hits you!
You die...

##########..
##...@{.....#
###..##########
##...## .###
### ####..###
....
..####....## #.
.....#.#### #.
#..#...# .
##.##..# #
#.....## #


There were no monsters in sight!

Vanquished Creatures
  An orc priest (D:2)
  2 hounds (D:4)
  3 adders
  2 orcs (D:2)
  2 ball pythons (D:1)
  2 endoplasms
  A giant cockroach (D:2)
  4 goblins
  A hobgoblin (D:4)
  2 jackals (D:1)
  2 kobolds (D:1)
  3 quokkas
  4 bats
  3 frilled lizards
  2 rats (D:1)
34 creatures vanquished.

Notes
Turn   | Place    | Note
-------+----------+-------------------------------------------
     0 | D:1      | qw the Tengu Warper began the quest for the Orb.
     0 | D:1      | Reached XP level 1. HP: 12/12 MP: 4/4
     0 | D:1      | 0 ||| qw: Version: 0.1-a-89-g26bdef1
     0 | D:1      | 0 ||| qw: Game counter: 1407
     0 | D:1      | 0 ||| qw: Always use a shield: true
     0 | D:1      | 0 ||| qw: God list: Okawaru
     0 | D:1      | 0 ||| qw: Allow faded altars: false
     0 | D:1      | 0 ||| qw: Do Orc after D:15 true
     0 | D:1      | 0 ||| qw: Do second Lair branch before Depths: true
     0 | D:1      | 0 ||| qw: Lair rune preference: random
     0 | D:1      | 0 ||| qw: Plans: Normal
     0 | D:1      | 0 ||| PLANNING D:1-11
    43 | D:1      | Found a faded altar of an unknown god.
   201 | D:1      | Reached XP level 2. HP: 14/17 MP: 6/6
   262 | D:1      | 262 ||| DROPPING +0 club.
   280 | D:1      | Reached skill level 3 in Axes
   658 | D:1      | Found Voihyu Nuri's Assorted Antiques.
   662 | D:1      | 662 ||| SHOPLISTING 2 silvery potions (45 gold, have 16).
   662 | D:1      | 662 ||| SHOPLISTING pink potion (22 gold, have 16).
   662 | D:1      | 662 ||| SHOPLISTING puce potion (22 gold, have 16).
   662 | D:1      | 662 ||| SHOPLISTING scroll labelled UDGHAU UKYURUS (25
                  | gold, have 16).
   662 | D:1      | 662 ||| SHOPLISTING tourmaline ring (125 gold, have 16).
   829 | D:1      | 829 ||| UPGRADING to +0 ring mail.
   839 | D:1      | 839 ||| DROPPING +0 leather armour.
   840 | D:1      | 840 ||| DROPPING ring of flight.
   841 | D:1      | 841 ||| READING scroll labelled UDGHAU UKYURUS.
   842 | D:1      | 842 ||| READING scroll labelled BOBBICK RAUSI.
   843 | D:1      | 843 ||| READING scroll labelled HUTICE OTAPRIL.
   848 | D:1      | 848 ||| DROPPING scroll of blinking.
  1000 | D:2      | Reached XP level 3. HP: 21/21 MP: 7/7
  1011 | D:2      | You fall into a shaft and drop 2 floors!
  1025 | D:4      | Reached skill level 4 in Axes
  1025 | D:4      | HP: 4/21 [hound (4)]
  1030 | D:4      | HP: 2/21 [hound (1)]
  1032 | D:4      | Reached skill level 5 in Axes
  1032 | D:4      | Reached XP level 4. HP: 2/26 MP: 8/8
  1077 | D:4      | 1077 ||| Stepping ~*~*~tactically~*~*~ (stealth).
  1328 | D:4      | 1328 ||| READING scroll labelled HOISHY UJYHEGH.
  1329 | D:4      | 1329 ||| READING scroll labelled BUEHUCVA OQEIDD.
  1659 | D:2      | Gained mutation: Your magical nature lets you fly swiftly
                  | and evasively. [Tengu growth]
  1659 | D:2      | Reached XP level 5. HP: 13/30 MP: 9/9
  1663 | D:2      | HP: 7/30 [adder (3)]
  1666 | D:2      | HP: 3/30 [poisoned by an adder]
  1670 | D:2      | Killed from afar by an orc wizard

Levels and vault maps discovered:
D:1:      onia_arrival_pyramid, layout_loops_ring,
          shapermc_ecumenical_altar_rom_forum, serial_shops,
          nicolae_diamond_shop
D:2:      minmay_evil_eye, layout_rooms
D:3:      layout_loops_ring, kennysheep_generic_room_3
D:4:      layout_rooms, minmay_temple_entry_slanted, uniq_grinder,
          uniq_crazy_yiuf_cottage

Skill      XL: |  1  2  3 |
---------------+----------+-----
Axes           | 3 5 |  5.9
Fighting       | |  2.0
Throwing       | |  1.0
Armour         | |  1.1
Dodging        | |  2.1
Spellcasting   | |  2.0
Translocations | |  2.4

Action                   |  1- 3 |  4- 6 || total
-------------------------+-------+-------++-------
Melee: Hand axe          |    58 |    48 ||   106
       Peck              |    10 |     8 ||    18
       Kick              |     8 |    11 ||    19
Throw: Boomerang         |     7 |       ||     7
  Use: Scroll            |     3 |     2 ||     5
Armor: Leather armour    |     6 |       ||     6
       Ring mail         |     2 |    21 ||    23
Dodge: Dodged            |    44 |    15 ||    59

Table legend:
 A = Non-vault XP
 B = Vault XP
 C = Vault XP percentage of total XP
 D = Non-vault monster count
 E = Vault monster count
 F = Vault count percentage of total count
                 A         B        C        D         E       F
            +---------+---------+-------+---------+---------+-------
      Total |     206 |       6 |   2.8 |      30 |       4 |  11.8
            +---------+---------+-------+---------+---------+-------
        D:1 |      26 |       0 |   0.0 |      16 |       0 |   0.0
        D:2 |      79 |       6 |   7.1 |       8 |       4 |  33.3
        D:3 |      17 |       0 |   0.0 |       3 |       0 |   0.0
        D:4 |      84 |       0 |   0.0 |       3 |       0 |   0.0
            +---------+---------+-------+---------+---------+-------
